Map: Interloper LE

Players

Jig - Winner!

  • Race: Zerg Zerg
  • Spawn Location: 11:00

PengWin

  • Race: Zerg Zerg
  • Spawn Location: 5:00

Event: WCS Montreal 2017

VOD

Have the link to the VOD?

Description

Time

  • Played on: Sept. 8, 2017, 2:34 p.m.
  • Length: 15:26

All games in this series

Show
View Real Time Build Order
Export as new Build Order

Jig Zerg - Winner!

Build Orders: Pool First 

Get SALT Encoding   

  12  0:00  Drone  
  13  0:12  Overlord  
  13  0:17  Drone  
  14  0:30  Drone x2  
  16  0:35  Drone  
  17  0:44  Extractor  
  17  0:46  Spawning Pool  
  15  0:50  Drone  
  15  0:55  Drone  
  17  1:06  Drone  
  18  1:19  Hatchery  
  18  1:23  Drone  
  18  1:34  Queen  
  20  1:41  Overlord  
  20  1:48  Metabolic Boost  
  20  1:53  Zergling x2  
  21  1:55  Zergling x2  
  21  2:01  Drone  
  23  2:10  Evolution Chamber  
  23  2:13  Queen  
  24  2:20  Drone  
  25  2:23  Drone  
  26  2:33  Drone x2  
  28  2:38  Zerg Melee Weapons Level 1  
  28  2:42  Drone  
  28  2:43  Drone x2  
  31  2:55  Baneling Nest  
  31  2:56  Overlord  
  30  3:01  Drone x2  
  31  3:12  Drone x3  
  34  3:20  Zergling x10  
  34  3:23  Zergling x2  
  34  3:25  Zergling x2  
  41  3:31  Overlord  
  41  3:38  Baneling x2  
  41  3:49  Baneling x2  
  41  3:50  Hatchery  
  41  3:53  Overlord  
  41  3:54  Drone  
  41  3:56  Drone  
  41  3:57  Drone  
  43  4:09  Overlord  
  41  4:17  Overlord  
  41  4:20  Drone x4  
  41  4:22  Roach Warren  
  41  4:24  Overlord  
  44  4:25  Extractor  
  43  4:48  Drone x5  
  43  4:52  Drone x2  
  49  4:53  Drone x2  
  49  4:54  Lair  
  49  4:56  Drone x2  
  53  5:01  Overlord  
  53  5:04  Queen, Drone x2  
  57  5:14  Drone x2  
  59  5:17  Zerg Missile Weapons Level 1  
  59  5:20  Drone x6  
  65  5:23  Overlord  
  65  5:29  Overlord  
  65  5:32  Queen  
  67  5:36  Overlord  
  67  5:39  Queen  
  69  5:47  Drone x9  
  78  5:50  Overlord  
  78  5:57  Overlord  
  78  6:00  Queen, Extractor  
  78  6:03  Extractor  
  78  6:04  Extractor  
  78  6:07  Evolution Chamber  
  78  6:08  Spore Crawler, Queen  
  78  6:09  Spore Crawler  
  78  6:10  Spore Crawler x2, Drone  
  78  6:11  Drone  
  76  6:16  Spore Crawler  
  76  6:17  Drone x3  
  79  6:18  Drone x2  
  79  6:24  Overlord  
  80  6:26  Drone x3  
  80  6:31  Drone  
  80  6:32  Infestation Pit, Overlord, Drone  
  84  6:35  Overseer  
  84  6:37  Roach x2  
  84  6:38  Roach  
  90  6:41  Roach x2  
  94  6:48  Zerg Ground Armor Level 1  
  94  6:49  Hydralisk Den  
  94  6:50  Roach x2  
  97  6:57  Roach x3  
  97  6:58  Roach x2  
  107  7:03  Roach x3  
  113  7:10  Pathogen Glands  
  113  7:12  Burrow, Queen  
  112  7:27  Drone x4  
  113  7:39  Drone  
  113  7:42  Zerg Missile Weapons Level 2  
  113  7:43  Overlord  
  114  7:44  Queen  
  114  7:45  Spore Crawler  
  114  7:48  Queen  
  114  7:49  Overlord  
  117  7:52  Overlord  
  117  7:55  Drone x3  
  117  7:57  Extractor, Overlord  
  119  8:05  Spore Crawler  
  118  8:06  Spore Crawler  
  118  8:10  Infestor x4  
  123  8:20  Muscular Augments  
  123  8:23  Overlord  
  123  8:24  Hatchery, Overseer  
  122  8:32  Hydralisk x3  
  128  8:37  Drone  
  128  8:38  Drone x5  
  128  8:40  Hydralisk x3  
  140  8:44  Hydralisk  
  140  8:45  Hydralisk  
  140  8:47  Spore Crawler  
  143  8:52  Extractor  
  143  8:54  Overlord  
  142  8:56  Hydralisk x3  
  142  8:57  Extractor  
  147  9:03  Hydralisk x3  
  153  9:14  Hydralisk x2  
  153  9:15  Hydralisk  
  159  9:31  Ravager x2  
  159  9:32  Ravager x2, Spine Crawler  
  159  9:34  Spine Crawler, Overseer  
  161  9:39  Roach x3  
  151  9:59  Roach  
  153  10:00  Roach x5  
  137  10:16  Drone x10  
  137  10:20  Roach x7  
  161  10:27  Roach x6  
  173  10:32  Roach  
  173  10:35  Ravager  
  176  10:39  Overseer x3  
  176  10:41  Overlord  
  174  10:51  Infestor  
  176  10:58  Overlord  
  176  10:59  Queen x2  
  176  11:02  Overlord  
  176  11:06  Overlord  
  176  11:09  Overlord  
  176  11:11  Hive, Zerg Ground Armor Level 2  
  176  11:13  Hydralisk x4  
  184  11:22  Overlord  
  184  11:23  Drone  
  184  11:27  Glial Reconstitution  
  184  11:42  Hydralisk x8  
  194  11:57  Hatchery  
  194  11:58  Drone x2  
  194  11:59  Drone x7  
  185  12:05  Hydralisk  
  185  12:06  Hydralisk x6  
  199  12:18  Drone  
  199  12:21  Overlord  
  200  12:29  Overseer x2  
  167  13:00  Hydralisk x2  
  167  13:01  Hydralisk x16  
  167  13:18  Drone x6  
  167  13:19  Infestor x2  
  168  13:20  Infestor  
  165  13:28  Hydralisk x2  
  169  13:37  Viper x3  
  178  13:49  Viper x2  
  178  13:53  Drone x22  
  178  13:54  Hydralisk x3  
  178  13:55  Spore Crawler  
  187  13:56  Spore Crawler  
  187  13:57  Spore Crawler, Spine Crawler x2  
  187  13:58  Spine Crawler  
  187  14:00  Spine Crawler  
  187  14:01  Spine Crawler  
  175  14:15  Roach x17  
  191  14:21  Hatchery  
  191  14:22  Spine Crawler  
  191  14:23  Extractor  
  191  14:24  Extractor  
  169  14:40  Hydralisk x8  
  160  14:49  Hydralisk  
  160  14:50  Hydralisk x2  
  157  14:58  Hydralisk x3  
Show
View Real Time Build Order
Export as new Build Order

PengWin Zerg 

Build Orders: Pool First, Lurkers, Muta Ling Bane 

Get SALT Encoding   

  12  0:00  Drone  
  13  0:12  Overlord  
  13  0:17  Drone  
  14  0:31  Drone x2  
  14  0:35  Drone  
  17  0:40  Extractor  
  16  0:46  Spawning Pool  
  15  0:50  Drone  
  15  0:56  Drone  
  17  1:17  Hatchery  
  16  1:20  Drone  
  17  1:34  Queen  
  19  1:42  Metabolic Boost  
  19  1:44  Zergling x2  
  20  1:48  Drone  
  20  1:53  Overlord  
  21  1:58  Drone  
  22  2:11  Queen  
  22  2:14  Drone  
  25  2:16  Drone  
  26  2:31  Zergling x4  
  26  2:34  Queen  
  30  2:47  Baneling Nest  
  30  2:51  Drone x5  
  31  3:19  Zergling x8  
  35  3:20  Lair  
  35  3:22  Overlord  
  35  3:23  Extractor  
  35  3:24  Overlord, Drone  
  35  3:31  Baneling  
  35  3:35  Extractor  
  34  3:42  Drone x5  
  34  3:43  Drone  
  40  3:54  Spine Crawler  
  39  4:01  Zergling x8  
  42  4:18  Baneling  
  42  4:19  Baneling x2  
  42  4:20  Drone  
  42  4:21  Drone x5  
  48  4:37  Drone x3  
  51  4:39  Spire  
  51  4:41  Extractor  
  49  4:54  Drone x2  
  49  4:56  Overlord x2  
  49  4:57  Overlord  
  51  5:10  Overseer  
  51  5:14  Hatchery  
  51  5:16  Drone  
  51  5:17  Drone x2  
  53  5:46  Zergling x12  
  59  5:54  Mutalisk x6  
  59  5:55  Mutalisk  
  73  6:01  Drone  
  74  6:09  Overlord x2  
  74  6:12  Hydralisk Den  
  74  6:16  Mutalisk  
  75  6:33  Mutalisk x3  
  75  6:34  Mutalisk  
  83  6:40  Drone x2  
  83  6:41  Drone x4  
  89  6:53  Lurker Den  
  89  6:55  Unknown  
  89  7:08  Drone x8  
  97  7:09  Overlord x3  
  94  7:39  Queen  
  94  7:40  Extractor x2  
  94  7:43  Hydralisk x9  
  94  7:44  Hydralisk  
  100  7:50  Drone x3  
  117  7:59  Overlord x3  
  117  8:22  Unknown  
  117  8:29  Zergling x4  
  117  8:30  Zergling x22  
  130  8:40  Zerg Flyer Weapons Level 1  
  130  8:44  Centrifical Hooks  
  130  8:50  Overseer  
  130  8:53  Overlord x2  
  130  8:55  Zergling x8  
  134  9:01  Lurker x2  
  134  9:02  Lurker x7  
  143  9:06  Overlord  
  143  9:07  Overlord x2  
  143  9:15  Lurker  
  144  9:18  Zergling x20  
  144  9:19  Overlord x3  
  102  10:25  Hydralisk x13  
  128  10:29  Evolution Chamber  
  128  10:31  Mutalisk x7  
  128  10:32  Evolution Chamber  
  140  10:47  Hatchery  
  124  10:54  Lurker x4  
  124  10:55  Zergling x6  
  124  10:56  Zergling x6  
  134  11:02  Zergling x8  
  134  11:03  Lurker  
  139  11:14  Lurker x2  
  139  11:17  Overseer  
  141  11:19  Zergling x16  
  149  11:26  Zerg Ground Armor Level 1  
  149  11:34  Zerg Melee Weapons Level 1  
  149  11:52  Hatchery  
  124  12:17  Lurker x6  
  124  12:19  Zergling x2  
  124  12:20  Zergling x44  
  153  12:26  Overseer x2  
  153  12:27  Overseer  
  153  12:53  Hatchery  
  94  13:11  Zergling x34  
  100  13:32  Queen  
  102  13:34  Hydralisk  
  110  13:45  Mutalisk x3  
  110  13:47  Mutalisk  
  110  13:48  Mutalisk x3  
  112  13:54  Overseer  
  109  14:17  Baneling  
  109  14:18  Baneling x19  
  109  14:20  Zergling x8  
  113  14:24  Overseer  
  113  14:25  Overseer  
  83  14:59  Zergling x2  
  80  15:00  Zergling x26  
Tags
 
Add a new tag
Caveats
  • Supply blocks, unpowered buildings, or Contaminate may cause inaccurate times.
  • Supply counts are checked every 10 seconds.